 Dungeon Sprint DCSS version 0.27.1-1-g398f81649c (webtiles) character file.

Game seed: 17525041318485779093

130 ugugthedestroyer the Insei (level 5, 0/42 HPs)
             Began as a Gnoll Transmuter on Sept 7, 2021.
             Was a Follower of Okawaru.
             Slain by a gnoll (8 damage)
             ... in the Dungeon (Sprint VII: "The Pits").
             The game lasted 00:04:47 (143 turns).

ugugthedestroyer the Insei (Gnoll Transmuter)        Turns: 143, Time: 00:04:47

Health: 0/42       AC:  2    Str: 10    XL:     5   Next: 13%
Magic:  12/13      EV: 14    Int: 12    God:    Okawaru [*.....]
Gold:   0          SH:  0    Dex: 13    Spells: 9/16 levels left

rFire    . . .     SeeInvis .     - Unarmed
rCold    . . .     Faith    .   (no shield)
rNeg     . . .     Spirit   .   a - +0 robe
rPois    .         Reflect  .   (no helmet)
rElec    .         Harm     .   (no cloak)
rCorr    .         Rampage  .   (no gloves)
Will     .....     NoTele   +   (no boots)
Stlth    ++........             (no amulet)
HPRegen  0.14/turn              (no ring)
MPRegen  0.13/turn              (no ring)

@: wereblooded (expiring), very slightly contaminated, hasted, invisible, very
quick
A: fangs 1, strong nose, distributed training
a: Renounce Religion, Heroism


You were in the Dungeon.
You worshipped Okawaru.
Okawaru was aware of your devotion.
You visited 1 branch

Inventory:

Armour
 a - a +0 robe (worn)
Scrolls
 g - a scroll of blinking
 h - 5 scrolls of amnesia
 i - a scroll of summoning
Potions
 c - a potion of invisibility
 e - 4 potions of magic
 f - 3 potions of berserk rage


   Skills:
 + Level 4.2 Fighting
 + Level 3.2 Short Blades
 + Level 3.2 Long Blades
 + Level 3.2 Axes
 + Level 3.2 Maces & Flails
 + Level 3.2 Polearms
 + Level 3.2 Staves
 + Level 3.2 Slings
 + Level 3.2 Bows
 + Level 3.2 Crossbows
 + Level 3.2 Throwing
 + Level 3.2 Armour
 + Level 5.6 Dodging
 + Level 3.2 Stealth
 + Level 3.2 Shields
 + Level 7.3 Unarmed Combat
 + Level 6.0 Spellcasting
 + Level 2.6 Conjurations
 + Level 2.6 Hexes
 + Level 2.6 Summonings
 + Level 2.6 Necromancy
 + Level 2.6 Translocations
 + Level 4.7 Transmutations
 + Level 2.6 Fire Magic
 + Level 2.6 Ice Magic
 + Level 2.6 Air Magic
 + Level 2.6 Earth Magic
 + Level 2.6 Poison Magic
 + Level 3.5 Invocations
 + Level 3.2 Evocations


You had 9 spell levels left.
You knew the following spells:

 Your Spells              Type           Power      Damage    Failure   Level
a - Beastly Appendage     Tmut           28%        N/A       2%          1
b - Wereblood             Tmut           14%        N/A       4%          2
c - Ice Form              Ice/Tmut       12%        N/A       36%         4

Your spell library contained the following spells:

 Spells                   Type           Power      Damage    Failure   Level
 Spider Form              Tmut/Pois      6%         N/A       12%         3


Dungeon Overview and Level Annotations

Branches:
Dungeon (1/1)

Altars:
Ashenzari
Cheibriados
Dithmenos
Elyvilon
Fedhas
Gozag
Hepliaklqana
Kikubaaqudgha
Makhleb
Nemelex Xobeh
Okawaru
Qazlal
Ru
Sif Muna
Trog
Uskayaw
Vehumet
Wu Jian
Xom
Yredelemnul
Zin
The Shining One
Beogh
Jiyva
Lugonu


Innate Abilities, Weirdness & Mutations

You have very sharp teeth.
Your uncanny sense of smell can sniff out nearby items.
Your experience applies equally to all skills.


Message History

You barely miss the quokka. The gnoll hits you with a +0 flail.
The quokka barely misses you.
You punch the quokka!
You feel a bit better.
You kill the quokka!
Okawaru accepts your kill.
A gnoll sergeant comes into view. It is wielding a +0 spear.
The gnoll closely misses you.
You punch the gnoll!
The gnoll is almost dead.
Your primal bloodlust is almost over.
The gnoll sergeant hits you with a +0 spear!
The gnoll barely misses you.
You barely miss the gnoll.
The gnoll is almost dead.
You howl as the wereblood boils in your veins!
The gnoll sergeant hits you with a +0 spear!
The gnoll hits you with a +0 flail!
* * * LOW HITPOINT WARNING * * *
You fade into invisibility!
The gnoll barely misses you.
The gnoll sergeant hits you with a +0 spear.
* * * LOW HITPOINT WARNING * * *
The gnoll misses you.
You are very lightly contaminated with residual magic.
You feel better. The gnoll hits you with a +0 flail.
* * * LOW HITPOINT WARNING * * *
The gnoll sergeant closely misses you. The gnoll misses you.
You feel yourself speed up. The gnoll barely misses you.
The gnoll sergeant hits you with a +0 spear.
* * * LOW HITPOINT WARNING * * *
The gnoll barely misses you.
You closely miss the gnoll.
The gnoll is almost dead.
The gnoll closely misses you.
You catch the helpless gnoll completely off-guard!
You punch the gnoll!
You feel a bit better.
You kill the gnoll!
Okawaru accepts your kill. The gnoll sergeant misses you.
The gnoll hits you with a +0 flail!
You die...

##########.##........
#..........)'........
#+#####'#####......#.
#..#..#∆∆ #........
#..'..#∆∆ ####'####
#†.####∆∆ #.......#
#..# ∆∆ #.......#
#..# ∆∆ #.......#
##@# #...<...#
#g)g.....##.......#
#........##.......#
###########.......#
######### ∆∆∆∆


You could see a gnoll sergeant and a gnoll.

Vanquished Creatures
  A floating eye (D)
  3 gnolls (D)
  An ufetubus (D)
  An orc (D)
  A giant cockroach (D)
  A quokka (D)
  A ball python skeleton (D)
  A frilled lizard (D)
  A rat (D)
11 creatures vanquished.

Notes
Turn   | Place    | Note
-------+----------+-------------------------------------------
     0 | D        | ugugthedestroyer the Gnoll Transmuter began the quest for
                  | the Orb.
     0 | D        | Reached XP level 1. HP: 17/17 MP: 6/6
    20 | D        | Reached skill level 1 in Short Blades
    20 | D        | Reached skill level 1 in Long Blades
    20 | D        | Reached skill level 1 in Axes
    20 | D        | Reached skill level 1 in Maces & Flails
    20 | D        | Reached skill level 1 in Polearms
    20 | D        | Reached skill level 1 in Staves
    20 | D        | Reached skill level 1 in Slings
    20 | D        | Reached skill level 1 in Bows
    20 | D        | Reached skill level 1 in Crossbows
    20 | D        | Reached skill level 1 in Throwing
    20 | D        | Reached skill level 1 in Armour
    20 | D        | Reached skill level 1 in Stealth
    20 | D        | Reached skill level 1 in Shields
    20 | D        | Reached skill level 5 in Spellcasting
    20 | D        | Reached skill level 1 in Conjurations
    20 | D        | Reached skill level 1 in Hexes
    20 | D        | Reached skill level 1 in Summonings
    20 | D        | Reached skill level 1 in Necromancy
    20 | D        | Reached skill level 1 in Translocations
    20 | D        | Reached skill level 1 in Fire Magic
    20 | D        | Reached skill level 1 in Ice Magic
    20 | D        | Reached skill level 1 in Air Magic
    20 | D        | Reached skill level 1 in Earth Magic
    20 | D        | Reached skill level 1 in Poison Magic
    20 | D        | Reached skill level 1 in Invocations
    20 | D        | Reached skill level 1 in Evocations
    20 | D        | Reached XP level 2. HP: 23/23 MP: 8/8
    44 | D        | Found a bloodstained altar of Trog.
    44 | D        | Found a shimmering blue altar of Sif Muna.
    44 | D        | Found a viscous altar of Jiyva.
    44 | D        | Found a hazy altar of Hepliaklqana.
    44 | D        | Found an opulent altar of Gozag.
    45 | D        | Found a glowing golden altar of the Shining One.
    45 | D        | Found a glowing silver altar of Zin.
    45 | D        | Found a basalt altar of Yredelemnul.
    45 | D        | Found a shimmering altar of Xom.
    45 | D        | Found an ornate altar of the Wu Jian Council.
    45 | D        | Found a sacrificial altar of Ru.
    45 | D        | Found a stormy altar of Qazlal.
    45 | D        | Found an iron altar of Okawaru.
    45 | D        | Found a sparkling altar of Nemelex Xobeh.
    45 | D        | Found a burning altar of Makhleb.
    45 | D        | Found a blossoming altar of Fedhas.
    45 | D        | Found a white marble altar of Elyvilon.
    45 | D        | Found a shadowy altar of Dithmenos.
    45 | D        | Found a snail-covered altar of Cheibriados.
    47 | D        | Found a radiant altar of Vehumet.
    47 | D        | Found a corrupted altar of Lugonu.
    49 | D        | Found an ancient bone altar of Kikubaaqudgha.
    49 | D        | Found a hide-covered altar of Uskayaw.
    49 | D        | Found a broken altar of Ashenzari.
    79 | D        | Became a worshipper of Warmaster Okawaru
    93 | D        | Noticed a floating eye
    98 | D        | Killed a floating eye
    98 | D        | Reached * piety under Okawaru
    99 | D        | Reached skill level 5 in Dodging
    99 | D        | Reached skill level 7 in Unarmed Combat
    99 | D        | Reached XP level 3. HP: 28/30 MP: 8/10
    99 | D        | Reached XP level 4. HP: 35/37 MP: 8/11
   108 | D        | Learned a level 2 spell: Wereblood
   113 | D        | Learned a level 4 spell: Ice Form
   120 | D        | Reached XP level 5. HP: 40/42 MP: 9/13
   143 | D        | Slain by a gnoll

Illustrated notes

Levels and vault maps discovered:
D:        pitsprint [storerooms_1, entrance_room_1, metal_vault_3, armoury_3,
          mini_pit_1, grid_room_1, main_hall_1, silver_pit, the_coven_3,
          the_vestibule_1, steel_vault_1, golden_pit, hallway_of_sentries,
          crystal_vault_6, iron_vault_2, final_vault]

Skill      XL: |  1  2  3  4  5 |
---------------+----------------+-----
Short Blades   | 1 3 |  3.2
Long Blades    | 1 3 |  3.2
Axes           | 1 3 |  3.2
Maces & Flails | 1 3 |  3.2
Polearms       | 1 3 |  3.2
Staves         | 1 3 |  3.2
Slings         | 1 3 |  3.2
Bows           | 1 3 |  3.2
Crossbows      | 1 3 |  3.2
Throwing       | 1 3 |  3.2
Armour         | 1 3 |  3.2
Stealth        | 1 3 |  3.2
Shields        | 1 3 |  3.2
Spellcasting   | 5 6 |  6.0
Conjurations   | 1 2 |  2.6
Hexes          | 1 2 |  2.6
Summonings     | 1 2 |  2.6
Necromancy     | 1 2 |  2.6
Translocations | 1 2 |  2.6
Fire Magic     | 1 2 |  2.6
Ice Magic      | 1 2 |  2.6
Air Magic      | 1 2 |  2.6
Earth Magic    | 1 2 |  2.6
Poison Magic   | 1 2 |  2.6
Invocations    | 1 3 |  3.5
Evocations     | 1 3 |  3.2
Fighting       | 4 |  4.2
Dodging        | 5 |  5.6
Unarmed Combat | 7 |  7.3
Transmutations | 4 |  4.7

Action                   |  1- 3 |  4- 6 || total
-------------------------+-------+-------++-------
Melee: Unarmed           |    10 |    17 ||    27
       Bite              |     1 |       ||     1
 Cast: Beastly Appendage |     1 |       ||     1
       Wereblood         |       |     1 ||     1
  Use: Potion            |     1 |     3 ||     4
 Stab: Invisible         |       |     1 ||     1
Armor: Robe              |       |     1 ||     1
Dodge: Dodged            |     6 |    22 ||    28
